[Event "Early-Titled-Tuesday-Blitz-October-03-2023"]
[Site "Chess.com"]
[Date "2023.10.03"]
[Round "1"]
[White "disciplinedbrat"]
[Black "LeoLV10"]
[Result "1/2-1/2"]
[WhiteElo "2223"]
[BlackElo "2570"]
[TimeControl "180+1"]
[EndTime "8:08:17 PDT"]
[Termination "Game drawn - insufficient material"]

1. e4 c6 2. d3 d5 3. Nf3 dxe4 4. dxe4 Qxd1+ 5. Kxd1 Bg4 6. Be2 Nd7 7. h3 Bh5 8. Be3 f6 9. c3 e5 10. Nbd2 O-O-O 11.
Kc2 Bg6 12. Nh4 Bc5 13. Nxg6 hxg6 14. Nc4 Bxe3 15. Nxe3 Kc7 16. a4 Ne7 17. b4 Nc8 18.
Rhd1 Nd6 19. f3 Nf8 20. b5 Ne6 21. bxc6 bxc6 22. a5 Nf4 23. Bf1 Rb8 24. Rdb1 g5 25.
Rxb8 Rxb8 26. g3 Nh5 27. g4 Nf4 28. a6 Rh8 29. Rb1 g6 30. Nc4 Nxc4 31. Rb7+ Kd6 32. Bxc4 Kc5 33. Bf1 Nxh3 34. Rxa7 Ng1 35. Rf7 Nxf3 36.
a7 Kb6 37. Rxf6 Nh2 38. Bc4 Ra8 39. Bd5 Rxa7 40. Rxc6+ Kb5 41. Rxg6 Nxg4 42. Rxg5 Ne3+ 43.
Kd3 Nd1 44. Rxe5 Nb2+ 45. Kc2 Na4 46. c4+ Kc5 47. Bg8+ Kd4 48. Rd5+ Kxe4 49. Kb3 Nb6 50. Rb5 Nxc4 51. Bxc4 Ke3 52. Re5+ Kd4 53. Rd5+ Ke4 54. Rd8 Rb7+ 55. Kc3 Rc7 56. Re8+ Kf5 57. Kd4 Rd7+ 58.
Bd5 Kf6 59. Ke4 Re7+ 60. Rxe7 Kxe7 1/2-1/2

[Event "Early-Titled-Tuesday-Blitz-October-03-2023"]
[Site "Chess.com"]
[Date "2023.10.03"]
[Round "1"]
[White "andrzej"]
[Black "chesskov1982"]
[Result "0-1"]
[WhiteElo "2468"]
[BlackElo "2827"]
[TimeControl "180+1"]
[EndTime "8:08:18 PDT"]
[Termination "chesskov1982 won on time"]

1. e4 c5 2. Nf3 d6 3. d4 cxd4 4. Nxd4 Nf6 5. Nc3 Nc6 6. Bg5 Bd7 7. Qd2 Nxd4 8. Qxd4 Qa5 9. Qd2 Rc8 10. Bd3 Ng4 11. O-O Ne5 12. Kh1 Nxd3 13. cxd3 e6 14.
Rac1 a6 15. a3 h6 16. Bh4 Qh5 17. Bg3 Be7 18. Qe3 O-O 19. Qb6 Bc6 20. Rfe1 d5 21. exd5 Bxd5 22. Nxd5 Qxd5 23. Qe3 Bg5 24. f4 Bf6 25. b4 Rfd8 26. Qe4 Rxc1 27. Rxc1 Qxd3 28.
Qe1 Bb2 29. Rb1 Bxa3 30. Bf2 Qc2 31. Bc5 Rd2 32. Qf1 Rxg2 33. Bg1 Re2 34. Rb3 Rxh2+ 35. Bxh2 Qxb3 36. f5 Qd5+ 37. Kg1 Qxf5 38. Qc4 Qd5 39. Qc7 Kh7 40. Qxf7 Bb2 41. Bf4 Bd4+ 42. Kf1 Qf5 43.
Qc7 Qe4 44. Qd6 Qd3+ 45. Kg2 Qe4+ 46. Kf1 Qg6 47. Qxd4 Qf5 48. Qe5 g5 49. Qxf5+ exf5 50. Bc7 Kg6 51. Kg2 Kf7 52. Kf3 Ke6 53. Bd8 h5 54. Bxg5 Kd5 55. Kf4 Kc4 56. Be7 h4 57.
Bxh4 Kxb4 58. Kxf5 b5 59. Ke4 Kb3 60. Kd3 b4 61.
Be7 a5 62. Kd2 Kb2 63. Kd3 b3 64. Kc4 a4 65. Bf6+ Ka2 66. Kb4 a3 67. Kc3 b2 68.
Kd2 b1=Q 0-1

[Event "Early-Titled-Tuesday-Blitz-October-03-2023"]
[Site "Chess.com"]
[Date "2023.10.03"]
[Round "1"]
[White "ODreamchess"]
[Black "JoseRemolar"]
[Result "1-0"]
[WhiteElo "2775"]
[BlackElo "2439"]
[TimeControl "180+1"]
[EndTime "8:08:18 PDT"]
[Termination "ODreamchess won on time"]

1. c4 Nf6 2. Nf3 g6 3. g3 Bg7 4. Nc3 O-O 5. Bg2 d6 6. O-O e5 7.
d3 Nc6 8. b3 h6 9. Bb2 Be6 10.
a3 Qd7 11. Rc1 Bh3 12. Qc2 Qf5 13. Nd5 Rac8 14. b4 Nxd5 15. cxd5 Ne7 16. b5 Bxg2 17. Kxg2 Nxd5 18. h3 Qd7 19. a4 c6 20. Qb3 Nc7 21. b6 axb6 22. Qxb6 Ne6 23. Ba3 Ra8 24. a5 Ra6 25.
Qb3 Rxa5 26. Qb4 Rfa8 27. Qxd6 Qe8 28. Bb4 Rd5 29. Qe7 Qc8 30. Bd2 Ra2 31. Rfd1 Bf8 32.
Qf6 Bg7 33. Qe7 Rd7 34. Qh4 g5 35. Qc4 Ra6 36. Be3 b5 37. Qc2 c5 38. Qb3 Rc6 39.
Qxb5 Rb7 40. Qc4 Rb4 41. Qc3 e4 42. Qd2 exf3+ 43. exf3 Nd4 44. Bxd4 cxd4 45. Rxc6 Qxc6 46. Qxb4 h5 47. Qc4 Qb7 48. Re1 g4 49. hxg4 hxg4 50.
Re4 gxf3+ 51. Kh2 Qb6 52. Rf4 Qh6+ 53. Kg1 Be5 54. Qxf7+ Kh8 55. Qe8+ Kh7 56. Rh4 Bg7 57. Rxh6+ 1-0

[Event "Early-Titled-Tuesday-Blitz-October-03-2023"]
[Site "Chess.com"]
[Date "2023.10.03"]
[Round "1"]
[White "AniJak"]
[Black "CheckThis4"]
[Result "0-1"]
[WhiteElo "2387"]
[BlackElo "2694"]
[TimeControl "180+1"]
[EndTime "8:08:21 PDT"]
[Termination "CheckThis4 won by resignation"]

1. e4 d5 2. exd5 Nf6 3. Nc3 Nxd5 4. Bc4 Nxc3 5. bxc3 e5 6. Qf3 Qf6 7. Qxf6 gxf6 8. d4 Nc6 9. Ne2 Bf5 10. Bb3 Bg6 11. O-O O-O-O 12. Be3 Bd6 13. f4 exd4 14. cxd4 Rhe8 15.
Kf2 Ne7 16. g4 f5 17. g5 Bh5 18. Ng3 Bg4 19. Bxf7 Rf8 20. Be6+ Kb8 21. c4 Ng6 22.
Rab1 Nxf4 23. Bxf4 Bxf4 24. Bd5 b6 25. h3 Bxh3 26.
Rh1 Bg4 27. Rxh7 Bxg5 28. a4 Bf6 29. Ne2 Bxe2 30. Kxe2 Bxd4 31. Kd3 Bc5 32. Rh6 f4 33. Rf1 f3 34. a5 f2 35. axb6 cxb6 36. Rh7 a5 37.
Kc2 Rfe8 38. Rb7+ Kc8 39. Rf7 Re2+ 40. Kb3 Re1 41. R1xf2 Bxf2 42. Rxf2 Rb1+ 43. Ka4 Rb4+ 44. Ka3 Re8 45. Rf7 Re3+ 46. Ka2 Rc3 47. Rf2 Rcxc4 48. Bxc4 Rxc4 49. Rf7 Rc7 50. Rf6 Kb7 51. Kb3 Rc6 52.
Rf7+ Ka6 53. Rf8 Kb5 54. Rf5+ Rc5 55. Rf6 Rd5 56. Rg6 Re5 57. Rh6 Kc5 58. Rh8 b5 59.
Rc8+ Kd4 60. Rd8+ Rd5 61. Ra8 a4+ 62. Kb4 Kd3 63. Rh8 Kc2 64. Rh2+ Rd2 65. Rh3 Kb2 66.
Kxb5 a3 67. Kb4 a2 68. Rb3+ Kc1 69. Ra3 Kb1 70. Rb3+ Rb2 0-1

[Event "Early-Titled-Tuesday-Blitz-October-03-2023"]
[Site "Chess.com"]
[Date "2023.10.03"]
[Round "1"]
[White "Keeper0416"]
[Black "VOneChess"]
[Result "1-0"]
[WhiteElo "2581"]
[BlackElo "2211"]
[TimeControl "180+1"]
[EndTime "8:08:21 PDT"]
[Termination "Keeper0416 won by checkmate"]

1. b3 Nf6 2. Bb2 g6 3. c4 Bg7 4. Nf3 O-O 5. d4 c6 6. g3 d5 7. Bg2 Bf5 8. Nbd2 Nbd7 9. O-O Qc7 10. Rc1 Qd6 11. Ne5 Ne4 12. Ndf3 f6 13. Nxd7 Qxd7 14. Ba3 Rfe8 15. Nd2 Rad8 16. cxd5 cxd5 17. e3 Qb5 18.
Nxe4 Bxe4 19. Bxe4 dxe4 20. Rc5 Qd7 21. Qc2 Qg4 22. Rc7 h5 23. Rc1 Bf8 24. Rxb7 h4 25.
Qd1 Qf5 26. Rc5 e5 27. Qf1 Bxc5 28. Bxc5 exd4 29. Bxd4 Qd5 30. Rxa7 Rc8 31. Qh3 Rc1+ 32. Kg2 Qf5 33. Qxf5 gxf5 34. Bxf6 Re6 35. Bd4 Rg6 36.
b4 hxg3 37. hxg3 Rc2 38. b5 Rc1 39. b6 Rh6 40. b7 Rb1 41. Ra8+ Kf7 42. b8=Q Rxb8 43.
Rxb8 Ra6 44. Rb2 Ra4 45. g4 fxg4 46. Kg3 Kg6 47. Kxg4 Ra5 48. Kf4 Rf5+ 49. Kxe4 Rh5 50. f4 Kf7 51. a4 Rh1 52. Ra2 Rb1 53. a5 Rb8 54. a6 Ra8 55. a7 Ke6 56. Be5 Rxa7 57.
f5+ Kd7 58. Rxa7+ Kc6 59. f6 Kb5 60. Rc7 Kb6 61. f7 Ka6 62. f8=Q Kb5 63. Qb8+ Ka6 64. Ra7# 1-0

[Event "Early-Titled-Tuesday-Blitz-October-03-2023"]
[Site "Chess.com"]
[Date "2023.10.03"]
[Round "1"]
[White "novocane"]
[Black "Galileo22"]
[Result "0-1"]
[WhiteElo "2366"]
[BlackElo "2680"]
[TimeControl "180+1"]
[EndTime "8:08:23 PDT"]
[Termination "Galileo22 won on time"]

1. d4 Nf6 2. c4 g6 3. Nc3 Bg7 4. e4 d6 5. f3 O-O 6. Bg5 Nbd7 7. Qd2 e5 8. d5 h6 9. Be3 Kh7 10.
h4 a5 11. h5 g5 12. g4 Nc5 13. Nge2 c6 14. Ng3 cxd5 15. cxd5 Bd7 16. Bb5 a4 17. Bxd7 Nfxd7 18. Nf5 Ra6 19. Kf2 Bf6 20. Kg3 Qa5 21.
Rhb1 Rfa8 22. Nd1 Bd8 23. Qxa5 Bxa5 24. Bxc5 Nxc5 25. Nde3 b5 26. Kg2 Bd2 27. Nf1 Bf4 28. N1e3 Bxe3 29. Nxe3 b4 30. Rc1 b3 31. Rc4 Nd3 32.
axb3 axb3 33. Rxa6 Rxa6 34. Rc6 Ra2 35. Rxd6 Rxb2+ 36. Kf1 Rf2+ 37. Kg1 Rxf3 38. Nc4 Rg3+ 39. Kh2 Rxg4 40. Rb6 Rxe4 41. Rxb3 Rd4 42. Nb6 Nc5 43. Rb1 Ne4 44. Rc1 Kg7 45. Rc7 Nf6 46. Re7 Nxd5 47.
Nxd5 Rxd5 48. Kg3 Kf6 49. Ra7 Rd6 50. Ra5 Re6 51. Kf3 Kf5 52. Rb5 g4+ 53. Kg3 Kg5 54. Rb7 f5 55. Rg7+ Kxh5 56. Rg8 Rg6 57. Rh8 Kg5 58. Re8 e4 59. Re7 h5 60. Rh7 f4+ 61.
Kh2 e3 0-1

[Event "Early-Titled-Tuesday-Blitz-October-03-2023"]
[Site "Chess.com"]
[Date "2023.10.03"]
[Round "1"]
[White "Mackster23"]
[Black "ljm509"]
[Result "1-0"]
[WhiteElo "2622"]
[BlackElo "2305"]
[TimeControl "180+1"]
[EndTime "8:08:23 PDT"]
[Termination "Mackster23 won on time"]

1. e4 e6 2. d4 d5 3. Nc3 dxe4 4. Nxe4 Nd7 5. Nf3 Ngf6 6. Nxf6+ Nxf6 7. c3 h6 8. Ne5 Bd6 9. Be3 a6 10. Qf3 c5 11.
O-O-O Qc7 12. Nc4 Be7 13. dxc5 Bxc5 14. Bxc5 Qxc5 15. Nd6+ Ke7 16. Bc4 Rd8 17. Nxc8+ Qxc8 18. Rxd8 Kxd8 19. Bb3 Qc7 20. Rd1+ Ke7 21. Rd4 Rd8 22.
Rc4 Qd7 23. Rd4 Qc7 24. Rxd8 Kxd8 25. g3 Kc8 26. h4 Qe5 27. Bd1 Qe1 28. Kc2 Ne4 29. Be2 Qd2+ 30. Kb3 Qd5+ 31. Kc2 Qd2+ 32. Kb3 f5 33. Bc4 Qd6 34. Kc2 Qd2+ 35. Kb3 Qxf2 36. Qxf2 Nxf2 37. Bxe6+ Kc7 38. Bxf5 Kd6 39. Kc2 Ke5 40. g4 Kf4 41. Bc8 Nxg4 42. c4 b5 43. c5 a5 44. c6 Ne5 45. c7 Nc6 46. Bd7 Na7 47. c8=Q Nxc8 48. Bxc8 g5 49. hxg5 hxg5 50.
Kc3 g4 51. Kd4 g3 52. Bb7 b4 53. Kc5 Ke3 54. Kb5 Kd2 55. Kxa5 Kc2 56. Kxb4 Kxb2 57.
a4 Kc2 58. Bg2 Kd2 59. a5 Ke2 60. a6 Kf2 61. Bc6 g2 62. Bxg2 Kxg2 63. a7 Kf2 64. a8=Q 1-0

[Event "Early-Titled-Tuesday-Blitz-October-03-2023"]
[Site "Chess.com"]
[Date "2023.10.03"]
[Round "1"]
[White "Juicy_Fork"]
[Black "RobertoJBM"]
[Result "0-1"]
[WhiteElo "2467"]
[BlackElo "2821"]
[TimeControl "180+1"]
[EndTime "8:08:24 PDT"]
[Termination "RobertoJBM won by resignation"]

1. e4 c6 2. d4 d5 3. f3 g6 4.
Nc3 Bg7 5. e5 h5 6. f4 Nh6 7.
Nf3 Bg4 8. h3 Bxf3 9. Qxf3 Nf5 10. Qf2 Qb6 11. Ne2 h4 12. c3 e6 13. g4 hxg3 14.
Nxg3 Nxg3 15. Qxg3 Bf8 16. Bd3 Be7 17. O-O Nd7 18.
a4 a6 19. a5 Qc7 20. Bxg6 Rg8 21. f5 exf5 22. Bxf7+ Kxf7 23. Rxf5+ Ke6 24. Bg5 Raf8 25. Raf1 Rxf5 26. Rxf5 Kxf5 27. Qg4+ Kg6 28. Bxe7+ Kh7 29. Bg5 Rxg5 30. Qxg5 Nf8 31. Qf5+ Kg8 32. e6 Qe7 33.
Qg4+ Kh7 34. Qh5+ Kg7 35. Qe5+ Kg6 36. Qg3+ Kf6 37. Qe5+ Kg6 38. Qg3+ Kh6 39. Qf4+ Kh7 40. Qf5+ Ng6 41. h4 Qxh4 42. Qf7+ Kh6 43. Kg2 Qe7 44. Qf5 Qg5+ 45. Qxg5+ Kxg5 46. Kf3 Kf5 47. Kg3 Ne7 48. Kf2 Kxe6 49. Kf3 Kf5 50. Ke3 Ng6 51. Kf3 Nf4 52. Ke3 Ne6 53. Kf3 Nc7 54. Ke3 Nb5 55. Kf3 Nd6 56. Ke3 Nc4+ 57. Kd3 Nxa5 58. Kc2 Nc4 59. Kb3 Nd6 60. Kb4 b6 61. b3 Ke4 62. Ka4 Kd3 63. Kb4 a5+ 64. Ka4 Kxc3 0-1

[Event "Early-Titled-Tuesday-Blitz-October-03-2023"]
[Site "Chess.com"]
[Date "2023.10.03"]
[Round "1"]
[White "PoXerStar"]
[Black "carokannlover213"]
[Result "0-1"]
[WhiteElo "2425"]
[BlackElo "2749"]
[TimeControl "180+1"]
[EndTime "8:08:24 PDT"]
[Termination "carokannlover213 won on time"]

1. d4 Nf6 2. c4 e6 3. Nd2 d5 4.
Ngf3 c6 5. e3 Bd6 6. b3 O-O 7. Bb2 Nbd7 8. Bd3 Qe7 9. Ne5 Ba3 10.
Bxa3 Qxa3 11. f4 Qe7 12. O-O Ne8 13. Rf3 g6 14. Rh3 Nxe5 15. fxe5 f5 16. exf6 Nxf6 17. Rg3 Rf7 18. e4 dxe4 19. Nxe4 Nxe4 20. Bxe4 Bd7 21. Qd3 Raf8 22. Re1 Qb4 23. Rd1 Qe7 24. h3 Kh8 25. Kh2 Qd6 26. d5 exd5 27. cxd5 c5 28. Kh1 Rf6 29. Qc3 Kg8 30. Rf3 Rxf3 31. Bxf3 b6 32. Re1 Qf6 33. Qxf6 Rxf6 34. Re7 Rf7 35. Re3 Kf8 36. Kg1 Re7 37. Kf2 Rxe3 38. Kxe3 Ke7 39. Kf4 Kf6 40. g4 h6 41. h4 g5+ 42. hxg5+ hxg5+ 43. Ke4 Be8 44. Kd3 Ke5 45. Kc3 Bf7 46. b4 Bxd5 47.
Be2 cxb4+ 48. Kxb4 Bxa2 49. Kb5 Bd5 50. Ka6 Bc6 51.
Kxa7 b5 52. Kb6 Be8 53. Kc5 Kf4 54. Bd1 Bd7 55. Be2 Be8 0-1

[Event "Early-Titled-Tuesday-Blitz-October-03-2023"]
[Site "Chess.com"]
[Date "2023.10.03"]
[Round "1"]
[White "Zapateado"]
[Black "AdvanceGuard4"]
[Result "0-1"]
[WhiteElo "2343"]
[BlackElo "2644"]
[TimeControl "180+1"]
[EndTime "8:08:25 PDT"]
[Termination "AdvanceGuard4 won by resignation"]

1. c4 Nf6 2. Nc3 e6 3. e4 d5 4. e5 d4 5. exf6 dxc3 6. bxc3 Qxf6 7. d4 c5 8. Nf3 h6 9. Bd3 Nc6 10. O-O cxd4 11. cxd4 Nxd4 12. Nxd4 Qxd4 13. Be3 Qf6 14.
Qb3 a6 15. a4 Bd6 16. Qb6 Qd8 17. Qb2 O-O 18. Rfd1 Qe7 19. Bd4 e5 20. Bc3 Bg4 21.
Be4 Bxd1 22. Rxd1 Rab8 23. a5 f5 24. Bd5+ Kh7 25. Qc2 e4 26. Bd4 Bc5 27. Bxc5 Qxc5 28. Qc3 Rbd8 29. g4 fxg4 30. Bxe4+ Kh8 31. Rf1 Rd4 32.
Bxb7 Rxc4 33. Qg3 Qxa5 34. Qd6 Qc5 35. Qxc5 Rxc5 36. Bxa6 Rcf5 37. Be2 Rf4 38. Kg2 h5 39. Kg3 g5 40. Kg2 Kg7 41. Kg3 h4+ 42. Kg2 R8f6 43. Bd3 g3 44. hxg3 hxg3 45. f3 Rd6 46. Be4 Kf6 47.
Kxg3 Rb6 48. Rh1 Rb3 49. Kf2 g4 50. Kg2 gxf3+ 51. Bxf3 Rfxf3 52. Rh6+ Kg7 53. Rd6 Rfd3 54. Rc6 Rd2+ 55. Kf1 Rb1+ 0-1

[Event "Early-Titled-Tuesday-Blitz-October-03-2023"]
[Site "Chess.com"]
[Date "2023.10.03"]
[Round "1"]
[White "Vesper2018"]
[Black "Verony64"]
[Result "1/2-1/2"]
[WhiteElo "2578"]
[BlackElo "2248"]
[TimeControl "180+1"]
[EndTime "8:08:27 PDT"]
[Termination "Game drawn - insufficient material"]

1. e4 e5 2. Nf3 d6 3. d4 Nd7 4. Nc3 c6 5. Bc4 Be7 6. O-O Ngf6 7. Re1 O-O 8. a4 Qc7 9. Bb3 b6 10. Nh4 g6 11. Bh6 Re8 12. Nf3 exd4 13. Nxd4 Nc5 14.
Ba2 Bf8 15. Bxf8 Rxf8 16. Qf3 Kg7 17. e5 dxe5 18. Qxc6 Qxc6 19. Nxc6 e4 20. b4 Bb7 21. Ne5 Na6 22. b5 Nc5 23. Rad1 Rac8 24. Nc4 Ne6 25. Re3 Rfd8 26. Nd6 Rc7 27. Bxe6 fxe6 28. Nf5+ exf5 29. Rxd8 f4 30. Rh3 e3 31. Ne2 Rxc2 32. Kf1 Bxg2+ 33. Kxg2 Rxe2 34. Rf3 g5 35. Kf1 Ra2 36. fxe3 Ng4 37. Ke1 Nxe3 38. Rd7+ Kg6 39. Rxa7 Kf5 40. Rh3 Kg4 41.
Raxh7 f3 42. Rg3+ Kf4 43. Rf7+ Nf5 44. Rxf3+ Kxf3 45. Rxf5+ Kg4 46. Rf6 Rxa4 47. Rxb6 Ra2 48. Rh6 Rb2 49. b6 Kf5 50. Kd1 g4 51. Kc1 Rb4 52.
Kc2 Kg5 53. Rc6 Rb5 54. Kc3 Kf5 55. Kc4 Rb1 56. Kc5 Rb2 57. Rh6 Kg5 58. Rh8 Rc2+ 59. Kd6 Rb2 60. Kc7 Rc2+ 61. Kb7 Kf4 62. Kb8 Kf3 63. Rg8 Rxh2 64. b7 Rb2 65. Rg6 g3 66. Kc7 Rxb7+ 67. Kxb7 g2 68. Rxg2 Kxg2 1/2-1/2

[Event "Early-Titled-Tuesday-Blitz-October-03-2023"]
[Site "Chess.com"]
[Date "2023.10.03"]
[Round "1"]
[White "Darko-Dimitrijevic"]
[Black "Herzog2012"]
[Result "1-0"]
[WhiteElo "2144"]
[BlackElo "2516"]
[TimeControl "180+1"]
[EndTime "8:08:30 PDT"]
[Termination "Darko-Dimitrijevic won by resignation"]

1. d4 Nf6 2. c4 e6 3. Nc3 Bb4 4. e3 O-O 5. Nf3 b6 6. Bd3 Bb7 7. O-O d5 8. a3 Bxc3 9. bxc3 Nbd7 10. Qc2 c5 11. Bb2 Qe7 12. Rac1 Rac8 13. Qb1 dxc4 14. Bxc4 e5 15. Nd2 cxd4 16. cxd4 e4 17. Be2 Bd5 18.
Rxc8 Rxc8 19. Rc1 Qd8 20. Bc3 Qc7 21. Ba6 Bb7 22. Be2 Nf8 23. g3 Ne6 24. h4 Qd7 25.
Bb5 Bc6 26. Ba6 Bb7 27. Bb5 Qd5 28. Be2 Qf5 29. Qb5 Qxb5 30. Bxb5 Nd5 31. Bb2 Rxc1+ 32. Bxc1 f5 33. Nc4 Ndc7 34. Bd7 Bd5 35. Ne5 g6 36. Bd2 Kf8 37. Bb4+ Kg7 38. Bd6 Kf6 39. Kf1 b5 40. Ke2 h6 41. Kd2 g5 42. hxg5+ hxg5 43. Kc3 a5 44. Bc8 b4+ 45. axb4 Nb5+ 46. Kd2 Nxd6 47. Bxe6 Kxe6 48. bxa5 Nc4+ 49. Kc3 Nxe5 50. dxe5 Kxe5 51.
Kb4 Bb7 52. Kc5 Ba6 53. Kb6 Be2 54. a6 Bxa6 55. Kxa6 f4 56. gxf4+ gxf4 57. Kb5 f3 58. Kc4 Kf5 59. Kd4 Kg5 60. Kxe4 Kg4 61. Kd3 Kh3 62.
e4 Kg2 63. Ke3 1-0

[Event "Early-Titled-Tuesday-Blitz-October-03-2023"]
[Site "Chess.com"]
[Date "2023.10.03"]
[Round "1"]
[White "Misticpikachu"]
[Black "arenal72"]
[Result "0-1"]
[WhiteElo "2626"]
[BlackElo "2358"]
[TimeControl "180+1"]
[EndTime "8:08:34 PDT"]
[Termination "arenal72 won by resignation"]

1. c4 e6 2. Nf3 Nf6 3. Nc3 d5 4. e3 a6 5. b3 c5 6. cxd5 exd5 7. d4 Nc6 8. Be2 Be7 9. O-O O-O 10.
dxc5 Bxc5 11. Bb2 h6 12. Rc1 Ba7 13. Na4 Qd6 14. h3 Ne4 15. Qd3 Bf5 16. Qd1 Rfd8 17. Nc3 d4 18. Nxe4 Bxe4 19. Nxd4 Nxd4 20. Bxd4 Bxd4 21. Qxd4 Qxd4 22. exd4 Rxd4 23. Rc7 b5 24. Rfc1 Rd2 25. Bg4 Rxa2 26. Re7 Bg6 27. Rcc7 Ra1+ 28.
Kh2 Rb1 29. Be6 Rf8 30. f4 Rf1 31. Kg3 a5 32. f5 Bxf5 33. Bxf7+ Kh8 34. Bd5 Rd1 35. Bf3 Rd6 36. Rxg7 a4 37. bxa4 bxa4 38. Bg4 Rg6 39. Rxg6 Bxg6 40. Ra7 Bc2 41. Bd7 Rd8 42.
Bxa4 Rd3+ 43. Kh2 Bxa4 44. Rxa4 Kg7 45. h4 h5 46. Ra6 Rc3 47. g3 Rb3 48. Kg2 Rc3 49.
Ra2 Rb3 50. Rf2 Kg6 51. Rf3 Rb2+ 52. Kh3 Rb4 53. Ra3 Rc4 54. Ra5 Rc3 55. Rg5+ Kh6 56. Rb5 Kg6 57. Kg2 Ra3 58. Kf2 Rc3 59. Re5 Ra3 60.
Re3 Ra8 61. Kf3 Rf8+ 62. Ke4 Ra8 63. Rb3 Ra4+ 64. Kf3 Rc4 65. Re3 Kf5 66. Re4 Rxe4 67. Kf2 Ra4 68. Kf3 Ra3+ 69. Kf2 Kg4 70. Kg2 Rxg3+ 71. Kf2 Rh3 72. Kg2 Rxh4 73. Kf2 Rh3 74. Kg2 Ra3 75. Kf2 h4 76. Kg2 h3+ 77. Kf2 Ra2+ 78.
Kg1 Kg3 0-1

[Event "Early-Titled-Tuesday-Blitz-October-03-2023"]
[Site "Chess.com"]
[Date "2023.10.03"]
[Round "1"]
[White "themind1hunter"]
[Black "ChampStan"]
[Result "1-0"]
[WhiteElo "2542"]
[BlackElo "2123"]
[TimeControl "180+1"]
[EndTime "8:08:35 PDT"]
[Termination "themind1hunter won by checkmate"]

1. e4 c5 2. Nf3 d6 3. d4 cxd4 4. Nxd4 Nf6 5. Nc3 a6 6. Be3 b5 7. a4 b4 8. Nd5 Nxd5 9. exd5 Bb7 10. Be2 Bxd5 11. Bf3 Bxf3 12. Qxf3 Nd7 13. Nc6 Qc7 14. Nxe7 Bxe7 15. Qxa8+ Bd8 16. Qe4+ Be7 17. O-O Qc8 18.
Bg5 f6 19. Rfe1 Ne5 20. f4 fxg5 21. fxe5 Qc5+ 22. Qe3 Qxe3+ 23. Rxe3 d5 24. Rf3 Bc5+ 25. Kf1 Ke7 26. Rf5 Bd4 27. Rd1 Bxb2 28. Rxg5 g6 29.
Rxd5 Rc8 30. Rg3 Rxc2 31. Rh3 Ke6 32. Ra5 Rc1+ 33. Ke2 Bxe5 34. Rxh7 Rc2+ 35. Kd3 Rc3+ 36. Ke4 Rc4+ 37. Kd3 Rd4+ 38. Ke3 Rc4 39. Rb7 Rc3+ 40. Ke4 Rc4+ 41. Kf3 Rc3+ 42. Ke2 Rb3 43. Rb6+ Kf5 44.
g4+ Ke4 45. Re6 Rb2+ 46. Kd1 Rb1+ 47. Kc2 Rb2+ 48. Kc1 Rxh2 49. Rexe5+ Kf4 50. Re6 g5 51. Rf6+ Kxg4 52. Rg6 Rh1+ 53. Kb2 Rh2+ 54. Kb3 Rh3+ 55. Kxb4 Rd3 56. Raxg5+ Kf4 57. Ka5 Rd4 58. Rg4+ Ke3 59. Rxd4 Kxd4 60. Kxa6 Kc5 61. Kb7 Kb4 62. Rg4+ Ka5 63.
Kc7 Ka6 64. Rg5 Ka7 65. Ra5# 1-0

[Event "Early-Titled-Tuesday-Blitz-October-03-2023"]
[Site "Chess.com"]
[Date "2023.10.03"]
[Round "1"]
[White "zimmm36"]
[Black "slorovel"]
[Result "0-1"]
[WhiteElo "2768"]
[BlackElo "2464"]
[TimeControl "180+1"]
[EndTime "8:08:36 PDT"]
[Termination "slorovel won by resignation"]

1. c4 e5 2. g3 Nf6 3. Bg2 Bc5 4. Nc3 d6 5. e3 O-O 6. Nge2 a6 7. O-O Nc6 8. d4 exd4 9. exd4 Bb6 10. h3 Bf5 11.
Be3 Re8 12. g4 Bg6 13. Ng3 Nb4 14. g5 Nd7 15. h4 Bd3 16. Re1 Bxc4 17. Qa4 c5 18.
dxc5 Bxc5 19. Bxc5 dxc5 20. Bxb7 Rb8 21. Rxe8+ Qxe8 22. Bc6 Nxc6 23. Qxc6 Rc8 24. Qd6 Ne5 25. Nce4 Nf3+ 26.
Kh1 Nxh4 27. Qf4 Ng6 28. Qg4 Bd5 29. Re1 Ne5 30. Qf5 Qe6 31. Qxe6 fxe6 32. Kg2 Nd3 33. Re3 Nxb2 34. f3 Nc4 35. Rc3 Ne5 36. Rxc5 Rxc5 37. Nxc5 Nxf3 38. Kf2 Nxg5 39. a4 Bc6 40. a5 Bb5 41.
Ke3 Kf7 42. Ne2 e5 43. Nc3 Bc4 44. N3a4 Ne6 45. Nb7 Bb5 46. Nd6+ Ke7 47. Nxb5 axb5 48. Nb6 Nc5 49. Nd5+ Kd6 50. Nb4 h5 51. Kf3 g5 52.
Kg3 e4 53. Kf2 g4 54. Kg3 e3 55. a6 Kc7 56. Nd5+ Kc6 57. Nxe3 Kb6 58. Kh4 Kxa6 59. Kxh5 g3 60. Kg4 b4 61. Kxg3 b3 62. Nd1 Kb5 63.
Kf3 Kc4 64. Ke3 Nd3 65. Kd2 Nb4 66. Nb2+ Kd4 67. Nd1 Nd3 68. Ke2 Kc4 69. Kd2 Nc5 70.
Nb2+ Kb4 71. Kc1 Ka3 72. Kb1 Ne4 73. Nc4+ Kb4 74. Ne3 Kc3 75. Nd5+ Kc4 76. Kb2 Nc5 77. Ne3+ Kb4 78. Nd5+ Kc4 79. Ne3+ Kd3 80. Nf5 Kc4 81.
Nd6+ Kb4 82. Nc8 Na4+ 83. Kb1 Ka3 84. Nd6 Nc3+ 85. Kc1 b2+ 86. Kc2 b1=Q+ 0-1

[Event "Early-Titled-Tuesday-Blitz-October-03-2023"]
[Site "Chess.com"]
[Date "2023.10.03"]
[Round "1"]
[White "Ranindu2003"]
[Black "Daniel_Salinas"]
[Result "1-0"]
[WhiteElo "2750"]
[BlackElo "2427"]
[TimeControl "180+1"]
[EndTime "8:08:36 PDT"]
[Termination "Ranindu2003 won on time"]

1. e4 c5 2. Nc3 e6 3. g3 d5 4. exd5 exd5 5. d4 Nf6 6. Bg2 cxd4 7. Nce2 Bb4+ 8. Bd2 Bxd2+ 9. Qxd2 Nc6 10. Nxd4 Nxd4 11. Qxd4 Qe7+ 12. Ne2 Bg4 13. f3 Bf5 14. O-O O-O 15. Nf4 Bxc2 16. Rac1 Rac8 17. Rfe1 Qc5 18. Qxc5 Rxc5 19. Re2 Rfc8 20. Bh3 R8c7 21. b4 Rc4 22. Nxd5 Bd3 23. Rxc4 Rxc4 24. Rd2 Bg6 25. Bf1 Rc1 26. Nf4 Kf8 27. Kf2 Ke7 28. g4 Bb1 29. g5 Ne8 30.
Nd5+ Kf8 31. Ne3 f6 32. h4 fxg5 33. hxg5 h6 34. gxh6 gxh6 35. Bb5 Nf6 36. Ba4 h5 37. Kg3 Ke7 38. Bb3 Rg1+ 39. Kf4 b6 40. a4 a5 41. bxa5 bxa5 42. Nc4 h4 43. Rh2 Nh5+ 44. Ke3 Ng3 45. Nd2 Re1+ 46. Kf4 Nh5+ 47. Kg5 Ng7 48. Rxh4 Rg1+ 49. Kf4 Re1 50. Rh2 Kf6 51. Ne4+ Bxe4 52. fxe4 Rf1+ 53. Ke3 Ke5 54. Rg2 Re1+ 55. Kd2 Rb1 56.
Bc2 Rb7 57. Rg5+ Kf4 58. Rxa5 Rd7+ 59. Rd5 Rc7 60. Bb3 Ne8 61. Bc2 Nf6 62. Rf5+ 1-0

[Event "Early-Titled-Tuesday-Blitz-October-03-2023"]
[Site "Chess.com"]
[Date "2023.10.03"]
[Round "1"]
[White "shimastream"]
[Black "MidnightFox"]
[Result "1-0"]
[WhiteElo "2959"]
[BlackElo "2504"]
[TimeControl "180+1"]
[EndTime "8:08:37 PDT"]
[Termination "shimastream won by checkmate"]

1. Nf3 g6 2. d4 Nf6 3. Nbd2 d5 4. b4 Bg7 5. e3 c6 6. Bb2 a5 7. b5 a4 8. c4 O-O 9. a3 Bf5 10. Be2 Nbd7 11. O-O Ne4 12. Rc1 Nxd2 13. Qxd2 dxc4 14. Bxc4 cxb5 15. Bxb5 Nf6 16. Rfd1 Qd6 17. Ne5 Be6 18.
Nc4 Qd5 19. Qb4 Qh5 20. Ne5 Bb3 21. Re1 Nd5 22. Qd2 e6 23. Nd7 Rfd8 24. Nc5 b6 25. Nxb3 axb3 26. Qd3 e5 27. Qxb3 exd4 28. exd4 Nf4 29.
Rcd1 Ra5 30. a4 Qg4 31. Qg3 Qf5 32. Qf3 Raa8 33. g3 Nh3+ 34. Kg2 Qxf3+ 35. Kxf3 Ng5+ 36. Kg2 Ne6 37. d5 Bxb2 38. dxe6 fxe6 39. Rb1 Bd4 40. Rxe6 Bc5 41. Rb2 Ra7 42. Rbe2 Kg7 43. h4 Rf7 44. f4 Rdf8 45. Kf3 Rd8 46. R6e5 Rdf8 47. h5 gxh5 48. Rxh5 Rd8 49. Reh2 Kh8 50. Re2 Rdf8 51. Rg5 Rd8 52. Rge5 Rdf8 53. a5 Ra8 54. a6 Raf8 55. Re8 Kg7 56.
R2e4 Rxe8 57. Rxe8 Ra7 58. g4 h6 59. Ke4 Kf6 60.
Re5 Kg7 61. Re6 Kh7 62. Kd5 Kg7 63. Kc6 Bf2 64. Re5 Bg3 65. Re4 Bf2 66. Re2 Bc5 67.
Rd2 Rf7 68. Rd7 Rxd7 69. Kxd7 Kf6 70. a7 Be3 71. a8=Q Bxf4 72. Qe4 Kg5 73. Qf5+ Kh4 74. Qxf4 h5 75. g5+ Kh3 76. Bf1# 1-0

[Event "Early-Titled-Tuesday-Blitz-October-03-2023"]
[Site "Chess.com"]
[Date "2023.10.03"]
[Round "1"]
[White "Cambek64"]
[Black "MikaelyanArman"]
[Result "0-1"]
[WhiteElo "2472"]
[BlackElo "2847"]
[TimeControl "180+1"]
[EndTime "8:08:37 PDT"]
[Termination "MikaelyanArman won on time"]

1. d4 Nf6 2. Nf3 e6 3. Bg5 c5 4. c3 h6 5. Bxf6 Qxf6 6. e3 Nc6 7. Nbd2 Qd8 8. Be2 d5 9. O-O Bd7 10. a3 a6 11. Re1 Rc8 12. Qb1 Be7 13. Rd1 O-O 14. dxc5 Bxc5 15. Nb3 Ba7 16. Nbd4 Qf6 17. Qa2 Ne5 18. Nxe5 Qxe5 19. g3 Rc7 20. Rac1 Rfc8 21.
Qb1 Ba4 22. Re1 Bc5 23. Bd1 Be8 24. Bf3 b5 25. Rcd1 Qf6 26. Bg2 Bb6 27. Qd3 Rc4 28. Qd2 a5 29. Bf1 R4c5 30. Qe2 Ba7 31. Nb3 R5c7 32. Nxa5 g6 33. Nb3 h5 34. h4 Bb8 35.
Nd4 Rb7 36. Qf3 Qe7 37. e4 dxe4 38. Qxe4 Rb6 39. Qe3 Ba7 40. Qg5 Qxg5 41. hxg5 Rbb8 42. Kg2 Rc5 43. f4 Rc7 44. Be2 Rcc8 45. Nb3 Rd8 46. Bf3 Kf8 47. Na5 Rdc8 48. Rd2 Ke7 49. Red1 Bb6 50.
Nb3 Rc7 51. Nd4 Bc5 52. Be2 Rb6 53. Bf3 Bd6 54. Be4 h4 55. Nf3 hxg3 56. Kxg3 Rc4 57. Rd4 Rxd4 58. Rxd4 Bc5 59. Rd3 Rb8 60. Ne5 Rc8 61. Kg4 Bd6 62. Kg3 Bb8 63. Ng4 Rc5 64.
Nf6 Rxg5+ 65. Kf3 Rc5 66. Nxe8 Kxe8 0-1